 Dungeon Crawl Stone Soup version 0.29-a0-830-gcb1280458a (webtiles) character file.

Game seed: 16203138353108933143

92946 Ijustatesigmund the Prestidigitator (level 15, -1/84 HPs)
             Began as a Deep Elf Earth Elementalist on July 11, 2022.
             Was the Champion of Cheibriados.
             Slain by a spark wasp (7 damage)
             ... on level 1 of the Spider Nest on July 12, 2022.
             The game lasted 01:40:51 (34682 turns).

Ijustatesigmund the Prestidigitator (DEEE)         Turns: 34682, Time: 01:40:51

Health: -1/84      AC: 13    Str: 20    XL:     15   Next: 59%
Magic:  14/32      EV: 26    Int: 46    God:    Cheibriados [******]
Gold:   881        SH: 10    Dex: 30    Spells: 10/37 levels left

rFire   . . .      SeeInvis .   e - +9 staff of Olgreb {rPois∞}
rCold   + . .      Faith    .   H - +3 buckler {rN+}
rNeg    + . .      Spirit   .   a - +1 troll leather armour
rPois   ∞          Reflect  .   y - +2 helmet of the Mackerel {rC+ Int+3}
rElec   .          Harm     .   h - +2 cloak {Will+}
rCorr   .          Rampage  .   (no gloves)
Will    ++...                   n - +1 pair of boots
Stlth   +++.......              W - amulet of magic regeneration
HPRegen 1.04/turn               P - +4 ring of evasion
MPRegen 0.63/turn               L - +4 ring of evasion

@: very slow
A: no striking features
a: Renounce Religion, Evoke the Staff of Olgreb, Bend Time, Temporal Distortion,
Slouch, Step From Time


You were on level 1 of the Spider Nest.
You worshipped Cheibriados.
Cheibriados was exalted by your worship.
You visited 4 branches of the dungeon, and saw 22 of its levels.
You also visited: Ossuary and Bailey.

You collected 2559 gold pieces.
You spent 1678 gold pieces at shops.

Inventory:

Hand Weapons
 e - the +9 staff of Olgreb (weapon) {rPois∞}
   (You bought it in a shop on level 6 of the Dungeon)

   If the wielder is skilled in Evocations, they can envenom those struck by it,
   dealing poison damage which bypasses armour.
   It enhances your poison magic.
   It grants immunity to poison.
   It can be activated via the 'a'bility menu to radiate toxic energy, with
   effectiveness depending on Evocations skill.
 g - the +8 short sword of Boxunef {holy, Will++ Dex+5 Stlth+}
   (You found it on level 12 of the Dungeon)

   It has been blessed by the Shining One to cause great damage to the undead
   and demons.
   Dex:       It affects your dexterity (+5).
   Will:      It greatly increases your willpower.
   Stlth:     It makes you more stealthy.
 Y - the +6 sling "Coikejubo" {vorpal, Int+8 Dex-3 Stlth+}
   (You found it on level 2 of the Lair of Beasts)

   Any ammunition fired from it inflicts extra damage upon your enemies.
   Int:       It affects your intelligence (+8).
   Dex:       It affects your dexterity (-3).
   Stlth:     It makes you more stealthy.
Missiles
 I - 6 throwing nets
Armour
 a - a +1 troll leather armour (worn)
 h - a +2 cloak of willpower (worn)
 n - a +1 pair of boots (worn)
 y - the +2 helmet of the Mackerel (worn) {rC+ Int+3}
   (You bought it in a shop on level 7 of the Dungeon)

   Int:       It affects your intelligence (+3).
   rC:        It protects you from cold.
 H - a +3 buckler of positive energy (worn)
Jewellery
 c - an amulet of the acrobat
 f - a ring of protection from fire
 l - a ring of protection from cold
 m - a ring of positive energy
 u - a ring of fire
 L - a +4 ring of evasion (right hand)
 N - a ring of fire
 P - a +4 ring of evasion (left hand)
 W - an amulet of magic regeneration (around neck)
 Z - a ring of ice
Wands
 G - a wand of flame (12)
 J - a wand of charming (11)
 O - a wand of quicksilver (8)
 Q - a wand of roots (14)
 S - a wand of polymorph (7)
 V - a wand of mindburst (8)
Scrolls
 i - 4 scrolls of blinking
 j - 2 scrolls of summoning
 k - 4 scrolls of magic mapping
 p - 3 scrolls of fear
 r - 4 scrolls of teleportation
 v - 2 scrolls of fog
 w - 2 scrolls of poison
 x - 13 scrolls of identify
 A - 2 scrolls of immolation
 C - 3 scrolls of enchant weapon
 R - 2 scrolls of amnesia
 U - 2 scrolls of silence
Potions
 b - 2 potions of magic
 d - 7 potions of attraction
 o - 5 potions of mutation
 s - 2 potions of brilliance
 t - 4 potions of flight
 z - a potion of invisibility
 B - 9 potions of curing
 D - 3 potions of lignification
 E - 3 potions of might
 K - a potion of resistance
 M - a potion of heal wounds
 T - a potion of cancellation
 X - a potion of berserk rage
Miscellaneous
 q - a condenser vane


   Skills:
 - Level 5.6 Fighting
 - Level 6.4 Staves
 - Level 2.1 Armour
 - Level 7.0 Dodging
 - Level 2.4 Stealth
 - Level 2.4 Shields
 - Level 11.7 Spellcasting
 - Level 10.2 Conjurations
 + Level 4.6 Necromancy
 - Level 9.0 Transmutations
 - Level 8.3 Fire Magic
 - Level 1.1 Air Magic
 - Level 8.8 Earth Magic
 - Level 8.3 Poison Magic
 - Level 12.8 Invocations
 - Level 12.8 Evocations


You had 10 spell levels left.
You knew the following spells:

 Your Spells              Type           Power      Damage    Failure   Level
a - Sandblast             Erth           100%       2d20      1%          1
b - Stone Arrow           Conj/Erth      100%       3d13      1%          3
c - Passwall              Tmut/Erth      69%        N/A       1%          2
d - Petrify               Tmut/Erth      83%        N/A       1%          4
e - Lee's Rapid Deconstr  Erth           41%        3d21*     1%          5
f - Ignite Poison         Fire/Tmut/Pois 100%       N/A       1%          3
g - Irradiate             Conj/Tmut      43%        3d26      1%          5
h - Dispel Undead         Necr           62%        3d22      2%          4

Your spell library contained the following spells:

 Spells                   Type           Power      Damage    Failure   Level
 Slow                     Hex            100%       N/A       1%          1
 Sublimation of Blood     Necr           62%        N/A       1%          2
 Conjure Flame            Conj/Fire      85%        6-21      1%          3
 Spider Form              Tmut/Pois      100%       N/A       1%          3
 Vampiric Draining        Necr           62%        2d10      1%          3
 Fulminant Prism          Conj/Hex       32%        3d16      1%          4
 Hailstorm                Conj/Ice       65%        3d14      1%          4
 Iskenderun's Mystic Bla  Conj/Tloc      65%        2d13      1%          4
 Sticky Flame             Conj/Fire      85%        2d10      1%          4
 Fireball                 Conj/Fire      42%        3d17      1%          5
 Iskenderun's Battlesphe  Conj           89%        2d14      1%          5
 Ensorcelled Hibernation  Hex/Ice        54%        N/A       2%          2
 Corpse Rot               Necr/Pois/Air  81%        N/A       2%          4
 Leda's Liquefaction      Hex/Erth       30%        N/A       2%          4
 Swiftness                Air            37%        N/A       3%          3
 Call Canine Familiar     Summ           27%        N/A       4%          3
 Confusing Touch          Hex            27%        N/A       4%          3
 Portal Projectile        Hex/Tloc       54%        N/A       4%          3
 Anguish                  Hex/Necr       24%        N/A       6%          4
 Freezing Cloud           Conj/Ice/Air   29%        6-21      9%          5
 Orb of Destruction       Conj           44%        9d12      19%         7
 Conjure Ball Lightning   Conj/Air       34%        3x3d11    22%         6
 Death Channel            Necr           31%        N/A       34%         6
 Discord                  Hex            13%        N/A       100%        8
 Disjunction              Tloc           13%        N/A       100%        8


Dungeon Overview and Level Annotations

Branches:
Dungeon (14/15)            Temple (1/1) D:7            Lair (6/6) D:8
 Shoals (0/4) Lair:2       Spider (1/4) Lair:3        Slime (0/5) Lair:5
    Orc (0/2) D:12         Vaults (0/5) D:14        Ossuary (visited)
 Bailey (visited)

Altars:
Ashenzari
Cheibriados
Dithmenos
Elyvilon
Fedhas
Gozag
Hepliaklqana
Kikubaaqudgha
Makhleb
Nemelex Xobeh
Okawaru
Qazlal
Ru
Sif Muna
Trog
Uskayaw
Vehumet
Wu Jian
Xom
Yredelemnul
Zin
The Shining One

Shops:
D:5 (   D:6 [(   D:7 ***   D:8 *   D:11 :   D:12 :((:**

Annotations:
D:13 3 runed translucent doors
Lair:3 exclusion: oklob plant
Spider:1 1 transporter, Wiuqibia's ghost, adept DjTm


Message History

You feel a surge of power!
You ignite the poison in your surroundings!
The spark wasp seems to burn from within!
The spark wasp is moderately wounded.
The spark wasp seems to burn from within!!
The spark wasp is heavily wounded.
The moth of wrath seems to burn from within!!
The moth of wrath is heavily wounded.
The moth of wrath seems to burn from within!!
The moth of wrath is heavily wounded.
The moth of wrath is poisoned.
The spark wasp is poisoned.
The moth of wrath is poisoned.
The jumping spider is poisoned.
The spark wasp is poisoned.
Your toxic aura wanes.
You feel you are being watched by something.
You feel your power leaking away. The spark wasp misses you.
You block the spark wasp's attack.
Activating: Slouch (1% risk of failure)
Press: ? - help, Dir - look around, f - activate You can feel time thicken for a moment.
You kill the moth of wrath!
Cheibriados appreciates the change of pace.
You kill the moth of wrath!
Cheibriados thoroughly appreciates the change of pace.
The spark wasp stings you! The spark wasp shocks you!
You feel you are being watched by something.
You feel your power leaking away.
You feel you are being watched by something.
The spark wasp completely misses you.
The broodmother summons spiders!
You block the spark wasp's attack.
You feel you are being watched by something.
Magic courses through your body. The spark wasp stings you!!
The spark wasp shocks you! The spark wasp stings you!
* * * LOW HITPOINT WARNING * * *
The spark wasp shocks you!
* * * LOW HITPOINT WARNING * * *
You feel you are being watched by something.
You feel your power leaking away. The spark wasp stings you!
You die...

.........#......#....^...........
......#...................#..#...
........#........................
##....#^....#########.....#...^..
.#.........##......s##.......#...
^......#...#8.##.##.8#.........).
#.#.#......#$.##.##s.#..........#
##.#.......#).....ss.#...#..##...
#.#.......©#=...@y.W.#©......^...
##.####....#?....y...#...#...#.#.
### #....#).##.##..#..#...#..##
###..#8.##.##.8#..#.#.##.#
#..##W......##..########
#...#########...#
#...............#
##.............## ###############


You could see a broodmother, 2 spark wasps, a jumping spider (poisoned), a
redback (summoned) and Wiuqibia's ghost.

Vanquished Creatures
  Rupert (D:13)
  Kirke (D:13)
  Nessos (Lair:5)
  A spark wasp (Spider:1)
  An entropy weaver (Spider:1)
  Fannar (Lair:2)
  2 boulder beetles
  8 vault guards (D:14)
  7 hydras
  Harold (D:11)
  5 two-headed ogres
  7 centaur warriors
  3 catoblepae
  9 death yaks
  A tengu warrior (D:13)
  A deep troll shaman (Lair:6)
  Amaemon (Lair:3)
  A steelbarb worm (Spider:1)
  A wizard (D:14)
  3 deep elf pyromancers
  A lindwurm (Lair:6)
  10 ugly things
  An orc knight (D:12)
  6 cyclopes (D:12)
  4 manticores
  Maurice (D:13)
  4 elephants (Lair:6)
  3 moths of wrath (Spider:1)
  4 black mambas
  A torpor snail (Lair:3)
  13 cane toads
  An orange demon (Lair:3)
  4 gargoyles
  A rime drake (shapeshifter) (D:14)
  3 kobold demonologists
  3 unseen horrors
  4 rime drakes
  A freezing wraith (D:12)
  15 komodo dragons
  Psyche (D:11)
  10 trolls
  5 polar bears
  3 slime creatures (D:12)
  A meliai (shapeshifter) (D:13)
  2 hornets
  5 tarantellas (Spider:1)
  17 blink frogs
  A snapping turtle (Lair:2)
  3 jumping spiders (Spider:1)
  2 shadows (D:10)
  10 culicivoras (Spider:1)
  A centaur simulacrum (D:14)
  2 vampires
  3 wraiths
  5 wyverns
  Eustachio (D:4)
  37 yaks
  4 hogs (D:13)
  Grum (D:8)
  5 basilisks
  8 redbacks (Spider:1)
  13 vampire mosquitoes
  5 steam dragons
  4 acid dragons
  12 water moccasins
  4 sky beasts
  2 orc warriors (D:8)
  3 black bears
  2 ice beasts (D:7)
  2 hornet zombies (Ossuary)
  25 wolves
  3 ogres
  10 centaurs
  A phantom (D:5)
  3 kobold brigands
  13 bullfrogs
  2 gnoll sergeants
  4 scorpions (Lair:3)
  A water moccasin zombie (Ossuary)
  2 necrophages (D:4)
  11 wights
  A ballistomycete (Lair:2)
  4 howler monkeys
  7 vampire bats (Bailey)
  6 electric eels
  6 wolf zombies (Bailey)
  4 centaur zombies (Ossuary)
  9 bullfrog zombies (Ossuary)
  2 hounds
  3 jellies
  2 gnoll boudas
  An iguana (D:6)
  17 orc wizards
  2 killer bee zombies (Ossuary)
  10 mummies (Ossuary)
  5 howler monkey zombies (Ossuary)
  20 gnolls
  10 adders
  A shadow imp (D:7)
  2 white imps
  An ufetubus (D:6)
  5 worms
  A dart slug (D:5)
  28 orcs
  9 endoplasms
  4 giant cockroaches
  11 goblins
  3 hobgoblins
  10 jackals (D:1)
  23 kobolds
  5 quokkas
  4 ball pythons
  6 bats
  4 frilled lizards
  20 orc zombies (Bailey)
  6 rats
  A ballistomycete spore (Lair:2)
  2 butterflies
640 creatures vanquished.

Vanquished Creatures (others)
  A quokka (D:5)
  A ballistomycete spore (Lair:2)
  39 fungi
  39 plants
  5 withered plants (Ossuary)
85 creatures vanquished.

Grand Total: 725 creatures vanquished

Notes
Turn   | Place    | Note
-------+----------+-------------------------------------------
     0 | D:1      | Ijustatesigmund the Deep Elf Earth Elementalist began the
                  | quest for the Orb.
     0 | D:1      | Reached XP level 1. HP: 10/10 MP: 6/6
   226 | D:1      | Reached XP level 2. HP: 15/15 MP: 5/8
   496 | D:1      | Found a faded altar of an unknown god.
   683 | D:1      | Reached XP level 3. HP: 11/19 MP: 5/10
   811 | D:1      | Learned a level 3 spell: Stone Arrow
   814 | D:1      | Learned a level 2 spell: Passwall
  1373 | D:2      | Reached skill level 1 in Conjurations
  1590 | D:2      | Reached XP level 4. HP: 24/24 MP: 10/12
  2101 | D:3      | Reached skill level 5 in Spellcasting
  3053 | D:4      | Noticed Eustachio
  3264 | D:4      | Killed Eustachio
  3265 | D:4      | Reached XP level 5. HP: 28/28 MP: 10/15
  3557 | D:4      | Reached XP level 6. HP: 32/32 MP: 13/17
  4945 | D:4      | Found a sacrificial altar of Ru.
  5148 | D:5      | Entered Level 5 of the Dungeon
  5154 | D:5      | Learned a level 4 spell: Petrify
  5254 | D:5      | Reached XP level 7. HP: 36/36 MP: 9/19
  5539 | D:5      | Identified the +8 quarterstaff of Day {vorpal, Will+ Str+2
                  | Dex+3}
  5558 | D:5      | Reached skill level 5 in Conjurations
  5847 | D:5      | Reached skill level 5 in Earth Magic
  5847 | D:5      | Reached XP level 8. HP: 38/41 MP: 13/22
  6041 | D:5      | Reached skill level 1 in Staves
  6073 | D:5      | Found a white marble altar of Elyvilon.
  6143 | D:5      | Learned a level 5 spell: Lee's Rapid Deconstruction
  6212 | D:6      | Found an ancient bone altar of Kikubaaqudgha.
  6445 | D:6      | Found a bloodstained altar of Trog.
  6448 | D:6      | Found a glowing silver altar of Zin.
  6988 | D:5      | Found a stormy altar of Qazlal.
  7017 | D:5      | Found Fuapluwamn's Antique Weapon Shop.
  7020 | D:5      | Bought a twisted broad axe for 234 gold pieces
  7020 | D:5      | Identified the +1 broad axe of Youthful Indiscretion {holy,
                  | Int+2} (You bought it in a shop on level 5 of the Dungeon)
  7185 | D:6      | Found Vydeaxte's Weapon Shop.
  7243 | D:6      | Found a hazy altar of Hepliaklqana.
  7264 | D:6      | Found Wintit's Antique Armour Shop.
  7983 | D:6      | Reached skill level 1 in Fighting
  8261 | D:6      | Found a basalt altar of Yredelemnul.
  8272 | D:6      | Reached XP level 9. HP: 26/47 MP: 11/24
  8607 | D:6      | Reached skill level 5 in Transmutations
 10191 | D:7      | Found Jaserhel's Assorted Antiques.
 10193 | D:7      | Found Ceimeg's General Store.
 10203 | D:7      | Found Nualoul's Assorted Antiques.
 10297 | D:7      | Bought a scroll of teleportation for 45 gold pieces
 10297 | D:7      | Bought a scroll of magic mapping for 52 gold pieces
 10376 | D:7      | Found a staircase to the Ecumenical Temple.
 10382 | Temple   | Entered the Ecumenical Temple
 10795 | D:7      | Reached skill level 5 in Dodging
 11390 | D:8      | Noticed a two-headed ogre
 11428 | D:8      | Killed a two-headed ogre
 11429 | D:8      | Reached XP level 10. HP: 7/56 MP: 3/25
 11547 | D:8      | Found an opulent altar of Gozag.
 11557 | D:8      | Found Gozag's Platinum Reserve.
 11936 | D:8      | Found a sand-covered staircase.
 11945 | Ossuary  | Entered an ossuary
 12275 | Ossuary  | Reached skill level 5 in Staves
 13067 | D:8      | Found a sparkling altar of Nemelex Xobeh.
 13069 | D:8      | Identified a scroll of acquirement
 13069 | D:8      | Acquired 945 gold pieces
 13122 | D:8      | Noticed Grum
 13125 | D:8      | Killed Grum
 13126 | D:8      | Reached skill level 5 in Fighting
 13927 | D:7      | Bought a fine helmet for 247 gold pieces
 13927 | D:7      | Identified the +2 helmet of the Mackerel {rC+ Int+3} (You
                  | bought it in a shop on level 7 of the Dungeon)
 14006 | D:8      | Found a staircase to the Lair.
 14534 | D:9      | Reached skill level 10 in Spellcasting
 14631 | D:9      | Found a flagged portal.
 14648 | D:9      | Reached skill level 1 in Armour
 14663 | Bailey   | Entered a bailey
 15379 | Bailey   | Noticed a gargoyle
 15384 | Bailey   | Killed a gargoyle
 15567 | Bailey   | Reached XP level 11. HP: 48/64 MP: 6/27
 17542 | D:9      | Noticed a deep elf pyromancer
 17619 | D:9      | Killed a deep elf pyromancer
 17750 | D:10     | Entered Level 10 of the Dungeon
 19077 | D:11     | Noticed a two-headed ogre
 19083 | D:11     | Noticed Psyche
 19093 | D:11     | Killed a two-headed ogre
 19109 | D:11     | Killed Psyche
 19269 | D:11     | Noticed a seven-headed hydra
 19353 | D:11     | Killed a seven-headed hydra
 19580 | D:6      | Bought the +9 staff of Olgreb {rPois∞} for 1100 gold pieces
 19580 | D:6      | Found the +9 staff of Olgreb {rPois∞}
 19684 | Temple   | Became a worshipper of Cheibriados the Contemplative
 19991 | D:11     | Found Qumiduf's Book Boutique.
 20026 | D:11     | Reached skill level 1 in Invocations
 20026 | D:11     | Reached skill level 1 in Evocations
 20111 | D:11     | Reached skill level 1 in Shields
 20472 | D:11     | Noticed Harold
 20490 | D:11     | Killed Harold
 20491 | D:11     | Reached XP level 12. HP: 62/69 MP: 12/29
 21167 | D:12     | Found a staircase to the Orcish Mines.
 21174 | D:12     | Noticed a centaur warrior
 21184 | D:12     | Reached * piety under Cheibriados
 21205 | D:12     | Killed a centaur warrior
 21316 | D:12     | Reached skill level 5 in Invocations
 21328 | D:12     | Noticed a two-headed ogre
 21347 | D:12     | Killed a two-headed ogre
 21348 | D:12     | Reached skill level 5 in Evocations
 21529 | D:12     | Found Leptamu's Book Emporium.
 21536 | D:12     | Found Uxke's Weapon Shoppe.
 21744 | D:12     | Noticed a centaur warrior
 21769 | D:12     | Killed a centaur warrior
 22118 | D:12     | Identified the +8 short sword of Boxunef {holy, Will++
                  | Dex+5 Stlth+}
 22135 | D:12     | Noticed a two-headed ogre
 22145 | D:12     | Killed a two-headed ogre
 23052 | D:12     | Noticed a seven-headed hydra
 23273 | D:12     | Found the +18 Lear's hauberk
 23356 | D:12     | Found Omogejun's Book Shop.
 23452 | D:12     | Noticed a boulder beetle
 23468 | D:12     | Killed a boulder beetle
 23505 | D:12     | Found Silah's Weapon Shoppe.
 23629 | D:12     | Upgraded the game from 0.29-a0-825-g72347fce65 to
                  | 0.29-a0-830-gcb1280458a
 23744 | D:12     | Found Mygesaug's General Store.
 23816 | D:12     | Found Rusch's Fire Supplies.
 24041 | D:12     | Reached XP level 13. HP: 74/74 MP: 17/30
 24164 | D:12     | Reached ** piety under Cheibriados
 24177 | D:12     | Reached skill level 1 in Air Magic
 24479 | D:12     | Learned a level 3 spell: Ignite Poison
 24529 | D:12     | Reached skill level 1 in Fire Magic
 24529 | D:12     | Reached skill level 1 in Poison Magic
 24636 | D:12     | Identified the +3 ring mail "Rian" {rElec}
 24986 | D:13     | Noticed Kirke
 24986 | D:13     | Noticed Rupert
 25055 | D:13     | Noticed Maurice
 25061 | D:13     | Killed Maurice
 25196 | D:13     | Killed Kirke
 25309 | D:13     | Killed Rupert
 25784 | D:13     | Found a runed translucent gate.
 25784 | D:13     | Found a runed translucent gate.
 25784 | D:13     | Found a runed translucent gate.
 25790 | D:13     | Noticed a broodmother
 25790 | D:13     | a jorogumo changed into a broodmother
 25799 | D:13     | Noticed a minotaur
 25800 | D:13     | Noticed an emperor scorpion
 25800 | D:13     | a minotaur changed into an emperor scorpion
 25803 | D:13     | an emperor scorpion changed into something unseen
 25805 | D:13     | Noticed an ettin
 25805 | D:13     | an alligator changed into an ettin
 25808 | D:13     | an ettin changed into a glowing orange brain
 25810 | D:13     | Noticed a fire dragon
 25810 | D:13     | a faun changed into a fire dragon
 25812 | D:13     | a fire dragon changed into a goliath frog
 25823 | D:13     | Noticed a fire dragon
 25826 | D:13     | a fire dragon changed into a great orb of eyes
 25827 | D:13     | Noticed a storm dragon
 25827 | D:13     | an eight-headed hydra changed into a storm dragon
 25832 | D:13     | Noticed a broodmother
 25832 | D:13     | a great orb of eyes changed into a broodmother
 25834 | D:13     | Learned a level 5 spell: Irradiate
 25834 | D:13     | a broodmother changed into a satyr
 25835 | D:13     | Noticed a bunyip
 25835 | D:13     | a satyr changed into a bunyip
 25936 | D:13     | Reached *** piety under Cheibriados
 26489 | D:14     | Reached skill level 10 in Invocations
 26489 | D:14     | Reached skill level 10 in Evocations
 26919 | D:14     | Reached skill level 5 in Fire Magic
 26919 | D:14     | Reached skill level 5 in Poison Magic
 26930 | D:14     | Reached XP level 14. HP: 74/79 MP: 6/31
 27537 | D:14     | Found a gate to the Vaults.
 27653 | D:14     | Reached **** piety under Cheibriados
 28189 | Lair:1   | Entered Level 1 of the Lair of Beasts
 28515 | Lair:1   | Reached ***** piety under Cheibriados
 28572 | Lair:1   | You fall into a shaft and drop 1 floor!
 28603 | Lair:2   | Got Sif Muna's Tome of Gusty Combat Magic
 28661 | Lair:2   | Identified the +6 sling "Coikejubo" {vorpal, Int+8 Dex-3
                  | Stlth+}
 28709 | Lair:2   | Identified the +1 chain mail of Hetisch {Str+3 Int+3}
 29083 | Lair:2   | Noticed Fannar
 29161 | Lair:2   | Killed Fannar
 29507 | Lair:2   | Found a staircase to the Shoals.
 30451 | Lair:3   | Found a hole to the Spider Nest.
 30482 | Spider:1 | Entered Level 1 of the Spider Nest
 30492 | Spider:1 | Reached ****** piety under Cheibriados
 30503 | Spider:1 | Found a transporter.
 30509 | Spider:1 | Noticed a broodmother
 30561 | Lair:3   | Noticed Amaemon
 30571 | Lair:3   | Killed Amaemon
 31569 | Lair:4   | Identified the +0 scale mail "Nieschotofo" {rF+ Int+2
                  | Slay+3}
 31977 | Lair:5   | Found a staircase to the Slime Pits.
 32031 | Lair:5   | Noticed Nessos
 32035 | Lair:5   | Killed Nessos
 32036 | Lair:5   | Reached XP level 15. HP: 60/84 MP: 24/32
 32586 | Lair:6   | Entered Level 6 of the Lair of Beasts
 33605 | Lair:6   | Reached skill level 10 in Conjurations
 34157 | Lair:6   | Learned a level 4 spell: Dispel Undead
 34252 | Spider:1 | Reached skill level 1 in Necromancy
 34562 | Spider:1 | Noticed Wiuqibia's ghost (adept DjTm)
 34575 | Spider:1 | Found a transporter.
 34682 | Spider:1 | Slain by a spark wasp

Illustrated notes

Levels and vault maps discovered:
D:1:      scummos_arrival_star, layout_loops_ring,
          hellmonk_ecumenical_altar_heavens_door, roderic_nine_men_s_morris
D:2:      layout_basic
D:3:      layout_basic, kennysheep_big_empty_room
D:4:      layout_cave_pods, kennysheep_mini_moat, uniq_eustachio
D:5:      nicolae_cairo_tiling_large, layout_basic,
          nicolae_qazlal_general_emergency, elyvilon_altar_4, serial_shops,
          kennysheep_mini
D:6:      layout_basic, mainiacjoe_overflow_catwalk,
          nicolae_overflow_quartered_altars, serial_shops, nicolae_shop_crystal,
          shop
D:7:      layout_basic, minmay_temple_entry_butterflies, serial_park_tiny_1,
          nicolae_wooded_promenade
D:8:      layout_loops_corners, nicolae_gozag_zags_fifth_avenue,
          nemelex_spade_bored_becter, lair_entry_dummy,
          nicolae_ossuary_entry_ruins, hangedman_decor_growths,
          kennysheep_potato, uniq_grum
D:9:      layout_basic, enter_bailey_5, kennysheep_doodads, eino_tiny_chamber
D:10:     layout_loops_ring
D:11:     layout_loops_corners, serial_shops, kennysheep_little_box,
          uniq_harold, uniq_psyche
D:12:     minmay_the_grid_3x3 [minmay_the_grid_minigrid_small,
          minmay_the_grid_plusring, minmay_the_grid_embedded,
          minmay_the_grid_diamond_grid, minmay_the_grid_holed_spiral,
          minmay_the_grid_x, minmay_the_grid_mess, minmay_the_grid_spin_star,
          minmay_the_grid_prize_four_corners_diamond_a], layout_basic,
          orc_0_dummy, serial_curves, eino_curves_01, eino_curves_03,
          serial_shops, nicolae_square_shop, shop, nicolae_lakefront_shop,
          nicolae_lakefront_shop, nicolae_shop_advertising_works
          [nicolae_subvault_shop_adworks], nicolae_shop_fire_sale
          [nicolae_sub_dead_trees]
D:13:     layout_roguey, ploomutoo_gammafunk_ghost_potion_laboratory,
          uniq_kirke, uniq_rupert, uniq_maurice
D:14:     layout_irregular_city, erik_vaults_2, minmay_misc_feat_tower
Temple:   minmay_temple_forest_path
Lair:1:   layout_roguey, serial_bayou_shore_a, infiniplex_staircase_pool_2
Lair:2:   layout_concentric_octagons, minmay_shoals_entry_hut, uniq_fannar
Lair:3:   layout_roguey, nicolae_spider_entry_non_spiders,
          minmay_lair_oklob_bushes, uniq_amaemon
Lair:4:   layout_regular_city
Lair:5:   layout_hall_layers, slime_entry_1, dreamdust_deal_with_the_devil,
          lemuel_fruit_fields, lemuel_fruit_fields, serial_bayou_shore_b,
          lemuel_fruit_fields, uniq_nessos
Lair:6:   grunt_lair_end_beastmaster, layout_regular_city
Spider:1: layout_spider_delve, gammafunk_ghost_arena

Skill      XL: |  1  2  3  4  5  6  7  8  9 10 11 12 13 14 15 |
---------------+----------------------------------------------+-----
Spellcasting   | 4 6 7 8 9 10 11 | 11.7
Earth Magic    | 4 5 6 7 8 |  8.8
Conjurations   | 1 3 4 5 6 7 9 10 | 10.2
Transmutations | 3 4 5 7 9 |  9.0
Staves         | 1 3 6 |  6.4
Fighting       | 1 3 5 |  5.6
Dodging        | 7 |  7.0
Armour         | 2 |  2.1
Invocations    | 2 8 10 12 | 12.8
Evocations     | 2 8 10 12 | 12.8
Shields        | 2 |  2.4
Air Magic      | 1 |  1.1
Fire Magic     | 5 8 |  8.3
Poison Magic   | 5 8 |  8.3
Necromancy     | 4 |  4.6
Stealth        | |  2.4

Action                   |  1- 3 |  4- 6 |  7- 9 | 10-12 | 13-15 || total
-------------------------+-------+-------+-------+-------+-------++-------
Melee: Short sword       |     1 |     8 |       |       |       ||     9
       Quarterstaff      |       |       |    99 |   277 |       ||   376
       Staff             |       |       |       |   250 |   448 ||   698
 Cast: Sandblast         |    56 |    40 |    11 |    23 |       ||   130
       Stone Arrow       |       |    43 |    99 |   249 |   114 ||   505
       Passwall          |       |       |     4 |     3 |     4 ||    11
       Petrify           |       |       |    14 |    47 |     3 ||    64
       Ignite Poison     |       |       |       |       |    76 ||    76
       Lee's Rapid Decon |       |       |       |       |     3 ||     3
       Irradiate         |       |       |       |       |     4 ||     4
Invok: Bend Time         |       |       |       |     1 |       ||     1
       Slouch            |       |       |       |       |     1 ||     1
 Abil: Evoke the Staff o |       |       |       |    28 |    81 ||   109
Evoke: Wand              |       |       |       |     1 |     6 ||     7
  Use: Potion            |     1 |       |     2 |    12 |     2 ||    17
       Scroll            |     5 |    11 |     6 |    13 |    10 ||    45
 Stab: Petrified         |       |       |    30 |   125 |     7 ||   162
       Sleeping          |       |       |     1 |       |     5 ||     6
       Distracted        |       |       |       |     1 |     1 ||     2
       Held in net/web   |       |       |       |     1 |       ||     1
       Petrifying        |       |       |       |     2 |     1 ||     3
Armor: Robe              |     7 |    16 |    51 |    38 |       ||   112
       Skin              |       |       |       |    15 |       ||    15
       Troll leather arm |       |       |       |   108 |    67 ||   175
Dodge: Dodged            |    25 |    23 |    70 |   541 |   469 ||  1128
Block: Buckler           |       |       |       |    83 |   244 ||   327

Table legend: (Time is in decaauts)
 A = Elapsed time spent in this place.
 B = Non-inter-level travel time spent in this place.
 C = Inter-level travel time spent in this place.
 D = Time resting spent in this place.
 E = Time spent auto-exploring this place.
 F = Levels seen in this place.
 G = Mean time per level.
                   A        B        C        D        E       F      G
               +--------+--------+--------+--------+--------+-----+--------+
         Total |  40618 |  38958 |   1660 |  11109 |  22196 |  24 | 1692.4 |
       Dungeon |  26636 |  25496 |   1140 |   8303 |  13622 |  14 | 1902.6 |
        Temple |    485 |    349 |    136 |      0 |    337 |   1 |  485.0 |
          Lair |   9771 |   9389 |    382 |    937 |   6999 |   6 | 1628.5 |
   Spider Nest |    861 |    860 |      1 |     16 |    585 |   1 |  861.0 |
       Ossuary |    970 |    970 |      0 |    454 |    331 |   1 |  970.0 |
        Bailey |   1892 |   1892 |      0 |   1399 |    321 |   1 | 1892.0 |
               +--------+--------+--------+--------+--------+-----+--------+

Top non-repeatable levels by time:
    D:12: 4317 daAuts
  Lair:6: 2466 daAuts
     D:6: 2172 daAuts
     D:5: 2164 daAuts
    D:13: 2155 daAuts
     D:7: 2097 daAuts
  Lair:2: 2045 daAuts
    D:14: 2017 daAuts
     D:8: 1911 daAuts
  Bailey: 1892 daAuts
     D:4: 1835 daAuts
    D:11: 1796 daAuts
  Lair:1: 1463 daAuts
  Lair:4: 1420 daAuts
    D:10: 1408 daAuts
